 Dungeon Crawl Stone Soup version 0.21-a0-621-gc60411f (webtiles) character file.

423 Lanoc the Ruffian (level 6, -5/52 (53) HPs)
             Began as a Ghoul Monk on Dec 23, 2017.
             Slain by a gnoll sergeant
             ... wielding a +0 trident
              (10 damage)
             ... on level 2 of the Dungeon.
             The game lasted 00:10:24 (3557 turns).

Lanoc the Ruffian (Ghoul Monk)                      Turns: 3557, Time: 00:10:25

HP:   -5/52 (53)    AC:  2    Str: 15    XL:     6   Next: 95%
MP:   5/5           EV: 14    Int:  5    God:
Gold: 148           SH:  0    Dex: 13    Spells: 5/5 levels left

rFire    . . .     SeeInvis .     - Unarmed
rCold    + . .     Gourm    .   (no shield)
rNeg     + + +     Faith    .   a - +0 robe
rPois    ∞         Spirit   .   (no helmet)
rElec    .         Reflect  .   (no cloak)
rCorr    +         Harm     .   (no gloves)
MR       .....                  (no boots)
Stlth    ++........             (no amulet)
HPRegen  0.00/turn              g - ring of resist corrosion
MPRegen  0.09/turn              (no ring)

@: rotting
A: rotting body, claws 1, carnivore, cold resistance 1, negative energy
resistance 3, inhibited regeneration, torment resistance, unbreathing
a: no special abilities


You were on level 2 of the Dungeon.
You were not hungry.

You visited 1 branch of the dungeon, and saw 3 of its levels.

You collected 148 gold pieces.

Inventory:

Missiles
 c - a throwing net (quivered)
Armour
 a - a +0 robe (worn)
Jewellery
 g - a ring of resist corrosion (left claw)
Wands
 l - a wand of flame (25)
Scrolls
 h - a scroll of fog {unknown}
 i - a scroll of teleportation {unknown}
 j - 3 scrolls of random uselessness {unknown}
 m - a scroll of noise {unknown}
 n - a scroll of identify {unknown}
 o - a scroll of amnesia {unknown}
Potions
 d - a potion of lignification {unknown}
 e - a potion of might
 f - a potion of haste {unknown}
 k - 3 potions of curing {unknown}
 p - a potion of flight {unknown}
Comestibles
 b - 10 rations


   Skills:
 + Level 4.6 Fighting
 + Level 2.4 Armour
 + Level 3.8 Dodging
 - Level 2.1 Stealth
 * Level 5.9 Unarmed Combat


You had 5 spell levels left.
You didn't know any spells.

Dungeon Overview and Level Annotations

Branches:
Dungeon (3/15)

Altars:
Nemelex Xobeh

Annotations:
D:3 Gaball's ghost, amateur BaFi


Innate Abilities, Weirdness & Mutations

Your body is rotting away.
You thrive on raw meat.
You are immune to poison.
You have sharp fingernails.
You are carnivorous and can eat meat at any time.
Your flesh is cold resistant. (rC+)
You are immune to negative energy. (rN+++)
You do not regenerate when monsters are visible.
You are immune to unholy pain and torment.
You can survive without breathing.


Message History

You feel your flesh rotting away. The gnoll hits you with a club!
The gnoll sergeant hits you with a trident.
The gnoll sergeant hits you with a trident!
The gnoll misses you.
There is a stone staircase leading up here.
The gnoll sergeant closely misses you. The gnoll closely misses you.
You climb upwards.
There is a stone staircase leading down here.
The gnoll sergeant closely misses you.
You completely miss the gnoll sergeant. The gnoll sergeant barely misses you.
You barely miss the gnoll sergeant.
The gnoll sergeant hits you with a trident!
You closely miss the gnoll sergeant.
The gnoll sergeant hits you with a trident!
The gnoll sergeant blocks your attack.
The gnoll sergeant hits you with a trident!
* * * LOW HITPOINT WARNING * * *
The gnoll sergeant hits you from afar with a trident!
You die...

#########.........
#..........###....
#.##)#.###.# #....
#..).#...#.###....
#..#####..).......
#g>..#.....#####.#
#g##.#...........#
#.##...#.#######..
#@###..#.##.####.#
#............##...
###....#.##.......
#.##.#......#...
#.##.######.##.#
#.##.# #.##.#
#.##.######.##.#
#.##...........#
#.#########.####


You could see a gnoll sergeant and a gnoll.

Vanquished Creatures
  Terence (D:2)
  Ijyb (D:3)
  23 gnolls
  6 adders
  2 oozes (D:2)
  3 worms (D:2)
  A dart slug (D:3)
  2 leopard geckos
  8 bats
  A giant cockroach (D:2)
  10 goblins
  4 hobgoblins
  13 jackals (D:3)
  A quokka (D:3)
  A ball python (D:2)
  4 frilled lizards
  7 kobolds
  8 rats
96 creatures vanquished.

Notes
Turn   | Place    | Note
-------+----------+-------------------------------------------
     0 | D:1      | Lanoc the Ghoul Monk began the quest for the Orb.
     0 | D:1      | Reached XP level 1. HP: 19/19 MP: 0/0
   158 | D:1      | Reached XP level 2. HP: 26/26 MP: 1/1
   575 | D:2      | Found a sparkling altar of Nemelex Xobeh.
   595 | D:2      | Reached XP level 3. HP: 30/31 MP: 2/2
   646 | D:2      | Noticed Terence
   670 | D:2      | Killed Terence
   670 | D:2      | Reached skill level 1 in Armour
   670 | D:2      | Reached skill level 4 in Unarmed Combat
   670 | D:2      | Reached XP level 4. HP: 38/40 MP: 3/3
  1277 | D:3      | Reached XP level 5. HP: 46/46 MP: 4/4
  1311 | D:3      | Noticed Ijyb
  1330 | D:3      | Killed Ijyb
  1477 | D:3      | Reached skill level 5 in Unarmed Combat
  1697 | D:3      | Noticed Gaball's ghost (amateur BaFi)
  2000 | D:3      | Reached XP level 6. HP: 40/52 MP: 5/5
  2434 | D:3      | HP: 1/53 [gnoll/spear (11)]
  3557 | D:2      | Slain by a gnoll sergeant

Vault maps used:
D:1:      elethiomel_arrival_quiet
D:2:      nicolae_overflow_crystal_walls, minmay_heptomino_l4, uniq_terence
D:3:      lemuel_castle_with_subvaults, first_ration, serial_bayou_lake_a,
          uniq_ijyb

Skill      XL: |  1  2  3  4  5  6 |
---------------+-------------------+-----
Dodging        | 3 |  3.8
Armour         | 1 2 |  2.4
Unarmed Combat | 4 5 |  5.9
Fighting       | 4 |  4.6
Stealth        | |  2.1

Action                   |  1- 3 |  4- 6 || total
-------------------------+-------+-------++-------
Melee: Unarmed           |    76 |   263 ||   339
       Punch             |       |     2 ||     2
Throw: Throwing net      |       |     1 ||     1
 Stab: Sleeping          |       |     5 ||     5
  Eat: Chunk             |     7 |    50 ||    57
Armor: Robe              |    22 |    26 ||    48
Dodge: Dodged            |    49 |   173 ||   222

Table legend:
 A = Spawn XP
 B = Non-spawn XP
 C = Spawn XP percentage of total XP
 D = Spawn monster count
 E = Non-spawn monster count
 F = Spawn count percentage of total count
 G = Total turns spent on level
                    A         B        C        D         E        F      G
               +---------+---------+-------+---------+---------+-------+---------
         Total |       0 |     605 |   0.0 |       0 |      96 |   0.0 |  3557
               +---------+---------+-------+---------+---------+-------+---------
           D:1 |       0 |      23 |   0.0 |       0 |      14 |   0.0 |   513
           D:2 |       0 |     148 |   0.0 |       0 |      32 |   0.0 |  1847
           D:3 |       0 |     434 |   0.0 |       0 |      50 |   0.0 |  1197
               +---------+---------+-------+---------+---------+-------+---------
